NULL
Full Scoreboard »»

Flames vs Sharks

Created - April 30, 2023 at 22:40

Goals
1 2 3 T
Flames 1 0 0 1
Sharks 0 2 1 3
Shots
1 2 3 T
Flames 17 6 12 35
Sharks 6 11 12 29

GoalsPenalties
1st period
1. Flames , Yegor Sharangovich 10 (Shayne Gostisbehere 23, Chris Tierney 7) at 14:12
Andrew Cogliano (SJS) for Holding (Minor) at 8:44
2nd period
2. Sharks , Auston Matthews 43 (Travis Sanheim 23) at 2:48
3. Sharks , Nikolaj Ehlers 33 (Sidney Crosby 51, Rasmus Ristolainen 26) at 3:18
Rutger McGroarty (SJS) for Fighting (Major) at 2:12
Brandon Carlo (CGY) for Fighting (Major) at 2:12
3rd period
4. Sharks , Sidney Crosby 35 (Nikolaj Ehlers 37, Auston Matthews 50) at 4:36
Brian Boyle (SJS) for Fighting (Major) at 3:58
Robby Fabbri (CGY) for Fighting (Major) at 3:58
Travis Sanheim (SJS) for Hooking (Minor) at 8:01
Esa Lindell (SJS) for Fighting (Major) at 16:57
Lawson Crouse (CGY) for Fighting (Major) at 16:57
Lawson Crouse (CGY) for instigated a fight (Minor) at 16:57
Lawson Crouse (CGY) for instigated a fight (10 Minutes Misconduct) at 16:57
Goalie Stats
Jeremy Swayman (CGY), 26 saves from 29 shots - (0.897), L, 14-4-3, 60:00 minutes
Mikko Koskinen (SJS), 34 saves from 35 shots - (0.971), W, 35-29-8, 60:00 minutes
3 StarsOfficial
1 - Sidney Crosby (SJS)
2 - Auston Matthews (SJS)
3 - Mikko Koskinen (SJS)
Referees : Unknown
Linesman : Unknown
Game Note
Rutger McGroarty beats up Brandon Carlo at 2:12 of 2nd period
Robby Fabbri beats up Brian Boyle at 3:58 of 3rd period
Lawson Crouse beats up Esa Lindell at 16:57 of 3rd period



Team Name Goals Shots Shots Attemp Shots Blocked PIM HIT PP PK FO%
Flames 135622027320 / 2 (0%)042%
Sharks 32967719270 / 1 (0%)058%

Flames
Player Name POS G A P +/- PIM HIT SHT SB MP PP MP PP SHT PK MP PK SHT FO% FOT GA TA
Brandon CarloD0001510018:052:0400:0000% 001
Chris TierneyC/LW/RW0111022010:440:0000:080100% 200
Claude GirouxC/RW0000003319:591:5500:00046% 2620
Colton ParaykoD000-1022624:491:5400:5200% 001
Darnell NurseD0000013325:282:0401:0700% 011
Elias LindholmC/LW/RW000-2035017:291:5500:57044% 920
Frederick GaudreauC/LW/RW0001021010:330:0000:0800% 002
Jake DeBruskLW/RW000-2002216:302:0310:00033% 300
Jonathan MarchessaultC/LW/RW000-2014015:210:0000:5400% 220
Lawson CrouseLW000-11721012:080:2800:0000% 001
Patrik NemethD000-2031015:550:0000:5200% 000
Robby FabbriC/LW/RW0000532011:131:3500:0000% 110
Ryan GetzlafC/LW/RW000-1001012:350:0000:54025% 800
Shayne GostisbehereD0110020320:411:5401:0700% 001
Steven StamkosC/LW/RW0000055120:341:5500:57050% 220
Travis DermottD000-2011015:010:0000:0000% 001
Tyler ToffoliLW/RW0000011219:572:0300:0000% 000
Yegor SharangovichLW/RW1010031010:560:0000:0000% 000
Sharks
Player Name POS G A P +/- PIM HIT SHT SB MP PP MP PP SHT PK MP PK SHT FO% FOT GA TA
Andrew CoglianoC/LW/RW0000224017:040:0000:0000% 010
Auston MatthewsC/LW/RW1123042023:151:0202:01065% 2001
Brian BoyleC/LW/RW000-1504015:110:5200:2100% 000
Cade WebberD000000005:510:3200:2200% 000
Cole SillingerC0000002117:410:0000:00067% 1220
Denis GurianovRW0000034018:560:0500:000100% 131
Dominik KahunC/LW/RW000000007:240:0000:09033% 300
Esa LindellD0002520122:540:0002:0600% 001
Gustav NyquistC/LW/RW000-1041017:560:5701:48053% 1501
Logan StanleyD000-1012217:160:4100:0000% 001
Mark PysykD0001001119:070:4601:5200% 000
Matt MartinLW/RW000001007:150:0000:0000% 010
Nikolaj EhlersLW/RW1123012118:281:0201:4800% 101
Rasmus RistolainenD0112021019:301:1302:0600% 001
Rutger McGroartyRW000-1511014:230:5700:0000% 000
Ryan MurrayD000-1000017:030:0000:2700% 002
Sidney CrosbyC/LW/RW1123053018:381:0202:0100% 110
Travis SanheimD0111212118:170:4601:0300% 001

Flames

5 vs 5 Forward
Line #Left WingCenterRight WingPHYDFOFWanted %Time %Time Play
1Tyler ToffoliClaude GirouxSteven Stamkos1133534%18:21
2Jonathan MarchessaultElias LindholmJake DeBrusk1133027%14:27
3Lawson CrouseRyan GetzlafRobby Fabbri1222022%11:41
4Yegor SharangovichChris TierneyFrederick Gaudreau1221518%9:34
5 vs 5 Defense
Line #DefenseDefensePHYDFOFWanted %Time %Time Play
1Darnell NurseColton Parayko1223737%19:55
2Brandon CarloShayne Gostisbehere1313533%18:04
3Patrik NemethTravis Dermott1312828%14:53
4Darnell NurseShayne Gostisbehere12202%1:11
Power Play Forward
Line #Left WingCenterRight WingPHYDFOFWanted %Time %Time Play
1Elias LindholmClaude GirouxSteven Stamkos1225048%1:55
2Tyler ToffoliRobby FabbriJake DeBrusk1225052%2:03
Power Play Defense
Line #DefenseDefensePHYDFOFWanted %Time %Time Play
1Darnell NurseBrandon Carlo1225052%2:04
2Shayne GostisbehereColton Parayko1225048%1:54
Penalty Kill 4 Players Forward
Line #CenterWingPHYDFOFWanted %Time %Time Play
1Steven StamkosElias Lindholm1315055%1:05
2Jonathan MarchessaultRyan Getzlaf1315045%0:54
Penalty Kill 4 Players Defense
Line #DefenseDefensePHYDFOFWanted %Time %Time Play
1Darnell NurseShayne Gostisbehere1315056%1:07
2Patrik NemethColton Parayko1315044%0:52
Penalty Kill 3 Players
Line #WingPHYDFOFWanted %Time %Time PlayDefenseDefensePHYDFOFWanted %Time %Time Play
1Steven Stamkos131500%0:00 Darnell NurseShayne Gostisbehere131500%0:00
2Elias Lindholm131500%0:00 Patrik NemethColton Parayko131500%0:00
4 vs 4 Forward
Line #CenterWingPHYDFOFWanted %Time %Time Play
1Steven StamkosElias Lindholm122500%0:00
2Ryan GetzlafJonathan Marchessault122500%0:00
4 vs 4 Defense
Line #DefensePHYDFOFWanted %Time %Time Play
1Darnell NurseShayne Gostisbehere122500%0:00
2Colton ParaykoBrandon Carlo122500%0:00
Last Minutes Offensive
Left WingCenterRight WingDefenseDefense
Elias LindholmSteven StamkosJonathan MarchessaultDarnell NurseColton Parayko
Last Minutes Defensive
Left WingCenterRight WingDefenseDefense
Lawson CrouseElias LindholmChris TierneyDarnell NurseColton Parayko
Time
Total ForwardTotal DefenseLast Minutes OffensiveLast Minutes Defensive
60:00 60:00 0:000:00
Extra Forwards
Normal PowerPlayPenalty Kill
Lawson Crouse, Yegor Sharangovich, Frederick GaudreauLawson Crouse, Yegor SharangovichFrederick Gaudreau
Extra Defensemen
Normal PowerPlayPenalty Kill
Colton Parayko, Darnell Nurse, Shayne GostisbehereColton Parayko, Colton ParaykoDarnell Nurse
Penalty Shots
Steven Stamkos, Elias Lindholm, Jonathan Marchessault, Tyler Toffoli, Lawson Crouse
Goalie
Jeremy Swayman, Jacob Markstrom
Custom OT Lines Forwards
Steven Stamkos, Elias Lindholm, Jonathan Marchessault, Tyler Toffoli, Claude Giroux, Jake DeBrusk, Yegor Sharangovich, Robby Fabbri, Frederick Gaudreau, Lawson Crouse
Custom OT Lines Defensemen
Darnell Nurse, Shayne Gostisbehere, Colton Parayko, Brandon Carlo, Travis Dermott
Scratches
Mark Jankowski (Healthy), Olli Maatta (Healthy)

Sharks

5 vs 5 Forward
Line #Left WingCenterRight WingPHYDFOFWanted %Time %Time Play
1Sidney CrosbyAuston MatthewsNikolaj Ehlers1223029%15:53
2Brian BoyleGustav NyquistRutger McGroarty1223029%15:28
3Andrew CoglianoCole SillingerDenis Gurianov1223029%15:27
4Matt MartinDominik KahunAuston Matthews1221013%7:15
5 vs 5 Defense
Line #DefenseDefensePHYDFOFWanted %Time %Time Play
1Esa LindellRasmus Ristolainen1223030%16:11
2Travis SanheimMark Pysyk1223030%16:29
3Logan StanleyRyan Murray1223030%16:26
4Cade WebberEsa Lindell122109%4:57
Power Play Forward
Line #Left WingCenterRight WingPHYDFOFWanted %Time %Time Play
1Sidney CrosbyAuston MatthewsNikolaj Ehlers1225052%1:02
2Brian BoyleGustav NyquistRutger McGroarty1225048%0:57
Power Play Defense
Line #DefenseDefensePHYDFOFWanted %Time %Time Play
1Esa LindellRasmus Ristolainen1225061%1:13
2Travis SanheimMark Pysyk1225039%0:46
Penalty Kill 4 Players Forward
Line #CenterWingPHYDFOFWanted %Time %Time Play
1Auston MatthewsSidney Crosby1225051%2:01
2Nikolaj EhlersGustav Nyquist1225049%1:57
Penalty Kill 4 Players Defense
Line #DefenseDefensePHYDFOFWanted %Time %Time Play
1Esa LindellRasmus Ristolainen1225053%2:06
2Travis SanheimMark Pysyk1225047%1:52
Penalty Kill 3 Players
Line #WingPHYDFOFWanted %Time %Time PlayDefenseDefensePHYDFOFWanted %Time %Time Play
1Auston Matthews122500%0:00 Esa LindellRasmus Ristolainen122500%0:00
2Sidney Crosby122500%0:00 Travis SanheimMark Pysyk122500%0:00
4 vs 4 Forward
Line #CenterWingPHYDFOFWanted %Time %Time Play
1Auston MatthewsSidney Crosby122500%0:00
2Nikolaj EhlersGustav Nyquist122500%0:00
4 vs 4 Defense
Line #DefensePHYDFOFWanted %Time %Time Play
1Esa LindellRasmus Ristolainen122500%0:00
2Travis SanheimMark Pysyk122500%0:00
Last Minutes Offensive
Left WingCenterRight WingDefenseDefense
Sidney CrosbyAuston MatthewsNikolaj EhlersEsa LindellRasmus Ristolainen
Last Minutes Defensive
Left WingCenterRight WingDefenseDefense
Sidney CrosbyAuston MatthewsNikolaj EhlersEsa LindellRasmus Ristolainen
Time
Total ForwardTotal DefenseLast Minutes OffensiveLast Minutes Defensive
60:00 60:00 0:000:00
Extra Forwards
Normal PowerPlayPenalty Kill
Denis Gurianov, Cole Sillinger, Andrew CoglianoDenis Gurianov, Cole SillingerAndrew Cogliano
Extra Defensemen
Normal PowerPlayPenalty Kill
Logan Stanley, Ryan Murray, Cade WebberLogan Stanley, Ryan MurrayCade Webber
Penalty Shots
Auston Matthews, Sidney Crosby, Nikolaj Ehlers, Gustav Nyquist, Rutger McGroarty
Goalie
Mikko Koskinen, Malcolm Subban
Custom OT Lines Forwards
Auston Matthews, Sidney Crosby, Nikolaj Ehlers, Gustav Nyquist, Rutger McGroarty, Denis Gurianov, Cole Sillinger, Brian Boyle, Andrew Cogliano, Matt Martin
Custom OT Lines Defensemen
Esa Lindell, Rasmus Ristolainen, Travis Sanheim, Mark Pysyk, Logan Stanley
Scratches
Jake Chiasson (Healthy), Johan Larsson (Healthy)


Play-by-Play

1st period


0:01 of 1st period - Auston Matthews wins face-off versus Claude Giroux in neutral zone.
0:04 of 1st period - Tyler Toffoli is hit by Esa Lindell and loses puck.
0:15 of 1st period - Snap shot by Auston Matthews.
0:15 of 1st period - Shot Blocked by Colton Parayko.
0:27 of 1st period - Colton Parayko is hit by Denis Gurianov and loses puck.
1:00 of 1st period - Snap shot by Jonathan Marchessault.
1:00 of 1st period - Shot Misses the Net.
1:22 of 1st period - Robby Fabbri is hit by Auston Matthews and loses puck.
1:35 of 1st period - Logan Stanley is hit by Chris Tierney and loses puck.
1:50 of 1st period - Shayne Gostisbehere is hit by Sidney Crosby.
2:28 of 1st period - Andrew Cogliano is hit by Robby Fabbri and loses puck.
2:35 of 1st period - Cole Sillinger is hit by Darnell Nurse and loses puck.
2:50 of 1st period - Wrist shot by Auston Matthews.
2:50 of 1st period - Shot Blocked by Claude Giroux.
3:13 of 1st period - Icing by Darnell Nurse.
3:14 of 1st period - Jake DeBrusk wins face-off versus Auston Matthews in Flames zone.
3:19 of 1st period - Wrist shot by Elias Lindholm.
3:19 of 1st period - Stopped by Mikko Koskinen with a rebound.
4:06 of 1st period - Snap shot by Gustav Nyquist.
4:06 of 1st period - Shot Blocked by Tyler Toffoli.
4:26 of 1st period - Snap shot by Jonathan Marchessault.
4:26 of 1st period - Shot Misses the Net.
4:28 of 1st period - Snap shot by Elias Lindholm.
4:28 of 1st period - Shot Misses the Net.
4:50 of 1st period - Yegor Sharangovich is hit by Andrew Cogliano and loses puck.
5:05 of 1st period - Denis Gurianov is hit by Robby Fabbri and loses puck.
5:30 of 1st period - Logan Stanley is hit by Shayne Gostisbehere and loses puck.
5:39 of 1st period - Snap shot by Steven Stamkos.
5:39 of 1st period - Stopped by Mikko Koskinen with a rebound.
6:04 of 1st period - Mark Pysyk is hit by Yegor Sharangovich and loses puck.
6:19 of 1st period - Esa Lindell is hit by Lawson Crouse and loses puck.
6:52 of 1st period - Slapshot by Logan Stanley.
6:52 of 1st period - Stopped by Jeremy Swayman with a rebound.
7:06 of 1st period - Wrist shot by Yegor Sharangovich.
7:06 of 1st period - Shot Misses the Net.
7:48 of 1st period - Snap shot by Cole Sillinger.
7:48 of 1st period - Shot Blocked by Steven Stamkos.
8:02 of 1st period - Wrist shot by Robby Fabbri.
8:02 of 1st period - Stopped by Mikko Koskinen without a rebound.
8:03 of 1st period - Gustav Nyquist wins face-off versus Ryan Getzlaf in Sharks zone.
8:30 of 1st period - Snap shot by Jonathan Marchessault.
8:30 of 1st period - Stopped by Mikko Koskinen with a rebound.
8:32 of 1st period - Slapshot by Darnell Nurse.
8:32 of 1st period - Shot Misses the Net.
8:44 of 1st period - Minor Penalty to Andrew Cogliano for Holding.
8:45 of 1st period - Auston Matthews wins face-off versus Claude Giroux in Sharks zone.
8:50 of 1st period - Mark Pysyk is hit by Steven Stamkos and loses puck.
10:44 of 1st period - Penalty to Andrew Cogliano is over, Andrew Cogliano is back on ice.
11:06 of 1st period - Icing by Denis Gurianov.
11:07 of 1st period - Dominik Kahun wins face-off versus Ryan Getzlaf in Sharks zone.
11:16 of 1st period - Snap shot by Lawson Crouse.
11:16 of 1st period - Stopped by Mikko Koskinen with a rebound.
12:06 of 1st period - Slapshot by Jonathan Marchessault.
12:06 of 1st period - Shot Misses the Net.
12:10 of 1st period - Slapshot by Elias Lindholm.
12:10 of 1st period - Deflect By Nikolaj Ehlers.
12:10 of 1st period - Stopped by Mikko Koskinen without a rebound.
12:11 of 1st period - Auston Matthews wins face-off versus Elias Lindholm in Sharks zone.
12:14 of 1st period - Snap shot by Elias Lindholm.
12:14 of 1st period - Shot Misses the Net.
12:16 of 1st period - Wrist shot by Jake DeBrusk.
12:16 of 1st period - Stopped by Mikko Koskinen with a rebound.
12:18 of 1st period - Slapshot by Jake DeBrusk.
12:18 of 1st period - Shot Blocked by Nikolaj Ehlers.
13:01 of 1st period - Esa Lindell is hit by Colton Parayko and loses puck.
13:23 of 1st period - Snap shot by Yegor Sharangovich.
13:23 of 1st period - Shot Blocked by Logan Stanley.
13:34 of 1st period - Off-side.
13:35 of 1st period - Claude Giroux wins face-off versus Gustav Nyquist in neutral zone.
13:50 of 1st period - Wrist shot by Claude Giroux.
13:50 of 1st period - Stopped by Mikko Koskinen with a rebound.
14:12 of 1st period - Backhand shot by Yegor Sharangovich.
14:12 of 1st period - Goal by Yegor Sharangovich - Flames : 1 - Sharks : 0.
14:13 of 1st period - Claude Giroux wins face-off versus Auston Matthews in neutral zone.
14:40 of 1st period - Elias Lindholm is hit by Andrew Cogliano and loses puck.
15:00 of 1st period - Wrist shot by Robby Fabbri.
15:00 of 1st period - Shot Misses the Net.
15:02 of 1st period - Slapshot by Shayne Gostisbehere.
15:02 of 1st period - Shot Blocked by Mark Pysyk.
15:04 of 1st period - Slapshot by Ryan Getzlaf.
15:04 of 1st period - Deflect By Robby Fabbri.
15:04 of 1st period - Stopped by Mikko Koskinen with a rebound.
15:06 of 1st period - Snap shot by Lawson Crouse.
15:06 of 1st period - Shot Misses the Net.
15:32 of 1st period - Auston Matthews is hit by Yegor Sharangovich and loses puck.
15:43 of 1st period - Snap shot by Cole Sillinger.
15:43 of 1st period - Stopped by Jeremy Swayman without a rebound.
15:44 of 1st period - Cole Sillinger wins face-off versus Claude Giroux in Flames zone.
16:40 of 1st period - Snap shot by Elias Lindholm.
16:40 of 1st period - Stopped by Mikko Koskinen with a rebound.
16:54 of 1st period - Snap shot by Denis Gurianov.
16:54 of 1st period - Stopped by Jeremy Swayman with a rebound.
17:12 of 1st period - Jonathan Marchessault is hit by Matt Martin and loses puck.
17:19 of 1st period - Snap shot by Jonathan Marchessault.
17:19 of 1st period - Stopped by Mikko Koskinen without a rebound.
17:20 of 1st period - Gustav Nyquist wins face-off versus Claude Giroux in Sharks zone.
17:25 of 1st period - Slapshot by Gustav Nyquist.
17:25 of 1st period - Stopped by Jeremy Swayman with a rebound.
17:27 of 1st period - Wrist shot by Gustav Nyquist.
17:27 of 1st period - Shot Blocked by Tyler Toffoli.
17:29 of 1st period - Snap shot by Gustav Nyquist.
17:29 of 1st period - Shot Blocked by Darnell Nurse.
17:31 of 1st period - Wrist shot by Gustav Nyquist.
17:31 of 1st period - Shot Misses the Net.
17:33 of 1st period - Snap shot by Brian Boyle.
17:33 of 1st period - Stopped by Jeremy Swayman without a rebound.
17:34 of 1st period - Claude Giroux wins face-off versus Auston Matthews in Flames zone.
17:39 of 1st period - Slapshot by Darnell Nurse.
17:39 of 1st period - Stopped by Mikko Koskinen with a rebound.
17:41 of 1st period - Slapshot by Darnell Nurse.
17:41 of 1st period - Deflect By Steven Stamkos.
17:41 of 1st period - Stopped by Mikko Koskinen with a rebound.
17:43 of 1st period - Snap shot by Steven Stamkos.
17:43 of 1st period - Stopped by Mikko Koskinen without a rebound.
17:44 of 1st period - Auston Matthews wins face-off versus Claude Giroux in Sharks zone.
17:50 of 1st period - Off-side.
17:51 of 1st period - Claude Giroux wins face-off versus Sidney Crosby in neutral zone.
17:55 of 1st period - Off-side.
17:56 of 1st period - Claude Giroux wins face-off versus Auston Matthews in neutral zone.
18:07 of 1st period - Snap shot by Claude Giroux.
18:07 of 1st period - Stopped by Mikko Koskinen without a rebound.
18:08 of 1st period - Auston Matthews wins face-off versus Claude Giroux in Sharks zone.
18:23 of 1st period - Snap shot by Claude Giroux.
18:23 of 1st period - Stopped by Mikko Koskinen with a rebound.
19:17 of 1st period - Slapshot by Sidney Crosby.
19:17 of 1st period - Stopped by Jeremy Swayman without a rebound.
19:18 of 1st period - Cole Sillinger wins face-off versus Claude Giroux in Flames zone.
Goals for this period are 1 for Flames vs 0 for Sharks.
Shots for this period are 17 for Flames vs 6 for Sharks.

2nd period


0:01 of 2nd period - Gustav Nyquist wins face-off versus Elias Lindholm in neutral zone.
0:06 of 2nd period - Wrist shot by Rutger McGroarty.
0:06 of 2nd period - Shot Blocked by Darnell Nurse.
0:08 of 2nd period - Wrist shot by Brian Boyle.
0:08 of 2nd period - Stopped by Jeremy Swayman with a rebound.
0:10 of 2nd period - Backhand shot by Travis Sanheim.
0:10 of 2nd period - Shot Blocked by Colton Parayko.
0:12 of 2nd period - Slapshot by Travis Sanheim.
0:12 of 2nd period - Stopped by Jeremy Swayman without a rebound.
0:13 of 2nd period - Elias Lindholm wins face-off versus Gustav Nyquist in Flames zone.
0:28 of 2nd period - Slapshot by Elias Lindholm.
0:28 of 2nd period - Shot Misses the Net.
1:09 of 2nd period - Snap shot by Yegor Sharangovich.
1:09 of 2nd period - Shot Misses the Net.
1:11 of 2nd period - Slapshot by Darnell Nurse.
1:11 of 2nd period - Stopped by Mikko Koskinen without a rebound.
1:12 of 2nd period - Gustav Nyquist wins face-off versus Jake DeBrusk in Sharks zone.
1:27 of 2nd period - Slapshot by Jonathan Marchessault.
1:27 of 2nd period - Stopped by Mikko Koskinen without a rebound.
1:28 of 2nd period - Cole Sillinger wins face-off versus Claude Giroux in Sharks zone.
1:33 of 2nd period - Snap shot by Cole Sillinger.
1:33 of 2nd period - Shot Misses the Net.
1:57 of 2nd period - Darnell Nurse is hit by Denis Gurianov and loses puck.
2:09 of 2nd period - Slapshot by Logan Stanley.
2:09 of 2nd period - Stopped by Jeremy Swayman with a rebound.
2:11 of 2nd period - Slapshot by Cole Sillinger.
2:11 of 2nd period - Stopped by Jeremy Swayman without a rebound.
2:12 of 2nd period - Elias Lindholm wins face-off versus Gustav Nyquist in Flames zone.
2:12 of 2nd period - Rutger McGroarty beats up Brandon Carlo.
2:12 of 2nd period - Penalty to Rutger McGroarty for Fighting.
2:12 of 2nd period - Penalty to Brandon Carlo for Fighting.
2:13 of 2nd period - Claude Giroux wins face-off versus Gustav Nyquist in Flames zone.
2:41 of 2nd period - Patrik Nemeth is hit by Auston Matthews and loses puck.
2:48 of 2nd period - Wrist shot by Auston Matthews.
2:48 of 2nd period - Goal by Auston Matthews - Flames : 1 - Sharks : 1.
2:49 of 2nd period - Elias Lindholm wins face-off versus Auston Matthews in neutral zone.
2:56 of 2nd period - Slapshot by Elias Lindholm.
2:56 of 2nd period - Stopped by Mikko Koskinen without a rebound.
2:57 of 2nd period - Auston Matthews wins face-off versus Jake DeBrusk in Sharks zone.
3:12 of 2nd period - Snap shot by Nikolaj Ehlers.
3:12 of 2nd period - Shot Misses the Net.
3:14 of 2nd period - Slapshot by Rasmus Ristolainen.
3:14 of 2nd period - Stopped by Jeremy Swayman with a rebound.
3:16 of 2nd period - Snap shot by Sidney Crosby.
3:16 of 2nd period - Shot Misses the Net.
3:18 of 2nd period - Slapshot by Nikolaj Ehlers.
3:18 of 2nd period - Goal by Nikolaj Ehlers - Flames : 1 - Sharks : 2.
3:19 of 2nd period - Gustav Nyquist wins face-off versus Claude Giroux in neutral zone.
3:28 of 2nd period - Snap shot by Gustav Nyquist.
3:28 of 2nd period - Deflect By Brian Boyle.
3:28 of 2nd period - Stopped by Jeremy Swayman with a rebound.
3:30 of 2nd period - Snap shot by Brian Boyle.
3:30 of 2nd period - Stopped by Jeremy Swayman with a rebound.
3:32 of 2nd period - Wrist shot by Denis Gurianov.
3:32 of 2nd period - Stopped by Jeremy Swayman without a rebound.
3:33 of 2nd period - Auston Matthews wins face-off versus Elias Lindholm in Flames zone.
3:38 of 2nd period - Slapshot by Sidney Crosby.
3:38 of 2nd period - Shot Blocked by Jake DeBrusk.
3:40 of 2nd period - Snap shot by Travis Sanheim.
3:40 of 2nd period - Shot Blocked by Colton Parayko.
3:42 of 2nd period - Slapshot by Sidney Crosby.
3:42 of 2nd period - Shot Misses the Net.
3:44 of 2nd period - Slapshot by Travis Sanheim.
3:44 of 2nd period - Stopped by Jeremy Swayman with a rebound.
5:25 of 2nd period - Ryan Murray is hit by Patrik Nemeth.
6:04 of 2nd period - Rasmus Ristolainen is hit by Shayne Gostisbehere and loses puck.
6:28 of 2nd period - Mark Pysyk is hit by Steven Stamkos and loses puck.
6:47 of 2nd period - Sidney Crosby is hit by Robby Fabbri and loses puck.
8:46 of 2nd period - Slapshot by Lawson Crouse.
8:46 of 2nd period - Shot Misses the Net.
8:48 of 2nd period - Slapshot by Travis Dermott.
8:48 of 2nd period - Stopped by Mikko Koskinen without a rebound.
8:49 of 2nd period - Auston Matthews wins face-off versus Jonathan Marchessault in Sharks zone.
8:49 of 2nd period - Auston Matthews is hit by Elias Lindholm.
9:53 of 2nd period - Denis Gurianov is hit by Patrik Nemeth.
10:13 of 2nd period - Patrik Nemeth is hit by Sidney Crosby and loses puck.
10:22 of 2nd period - Nikolaj Ehlers is hit by Steven Stamkos and loses puck.
10:39 of 2nd period - Andrew Cogliano is hit by Elias Lindholm and loses puck.
10:54 of 2nd period - Chris Tierney is hit by Gustav Nyquist and loses puck.
11:23 of 2nd period - Darnell Nurse is hit by Auston Matthews and loses puck.
12:19 of 2nd period - Matt Martin is hit by Yegor Sharangovich and loses puck.
12:50 of 2nd period - Lawson Crouse is hit by Nikolaj Ehlers and loses puck.
14:20 of 2nd period - Off-side.
14:21 of 2nd period - Auston Matthews wins face-off versus Jonathan Marchessault in neutral zone.
14:24 of 2nd period - Jonathan Marchessault is hit by Sidney Crosby and loses puck.
14:43 of 2nd period - Gustav Nyquist is hit by Lawson Crouse and loses puck.
15:06 of 2nd period - Slapshot by Denis Gurianov.
15:06 of 2nd period - Shot Blocked by Claude Giroux.
15:08 of 2nd period - Wrist shot by Denis Gurianov.
15:08 of 2nd period - Shot Misses the Net.
16:01 of 2nd period - Off-side.
16:02 of 2nd period - Claude Giroux wins face-off versus Dominik Kahun in neutral zone.
16:17 of 2nd period - Travis Sanheim is hit by Steven Stamkos.
16:27 of 2nd period - Elias Lindholm is hit by Gustav Nyquist.
16:35 of 2nd period - Backhand shot by Darnell Nurse.
16:35 of 2nd period - Deflect By Travis Sanheim.
16:35 of 2nd period - Stopped by Mikko Koskinen with a rebound.
16:37 of 2nd period - Snap shot by Colton Parayko.
16:37 of 2nd period - Stopped by Mikko Koskinen without a rebound.
16:38 of 2nd period - Cole Sillinger wins face-off versus Elias Lindholm in Sharks zone.
17:03 of 2nd period - Jake DeBrusk is hit by Gustav Nyquist and loses puck.
17:45 of 2nd period - Denis Gurianov is hit by Frederick Gaudreau and loses puck.
17:54 of 2nd period - Wrist shot by Cole Sillinger.
17:54 of 2nd period - Shot Blocked by Shayne Gostisbehere.
18:08 of 2nd period - Robby Fabbri is hit by Rutger McGroarty and loses puck.
18:35 of 2nd period - Brandon Carlo is hit by Travis Sanheim.
18:39 of 2nd period - Tyler Toffoli is hit by Logan Stanley and loses puck.
18:56 of 2nd period - Frederick Gaudreau is hit by Denis Gurianov and loses puck.
19:03 of 2nd period - Ryan Murray is hit by Frederick Gaudreau and loses puck.
19:18 of 2nd period - Travis Dermott is hit by Gustav Nyquist and loses puck.
Goals for this period are 0 for Flames vs 2 for Sharks.
Shots for this period are 6 for Flames vs 11 for Sharks.

3rd period


0:01 of 3rd period - Cole Sillinger wins face-off versus Claude Giroux in neutral zone.
0:26 of 3rd period - Esa Lindell is hit by Jonathan Marchessault and loses puck.
0:52 of 3rd period - Off-side.
0:53 of 3rd period - Cole Sillinger wins face-off versus Claude Giroux in neutral zone.
0:58 of 3rd period - Snap shot by Denis Gurianov.
0:58 of 3rd period - Shot Blocked by Colton Parayko.
1:00 of 3rd period - Slapshot by Mark Pysyk.
1:00 of 3rd period - Stopped by Jeremy Swayman without a rebound.
1:01 of 3rd period - Claude Giroux wins face-off versus Cole Sillinger in Flames zone.
1:16 of 3rd period - Slapshot by Andrew Cogliano.
1:16 of 3rd period - Stopped by Jeremy Swayman with a rebound.
1:36 of 3rd period - Snap shot by Elias Lindholm.
1:36 of 3rd period - Stopped by Mikko Koskinen with a rebound.
1:48 of 3rd period - Wrist shot by Chris Tierney.
1:48 of 3rd period - Stopped by Mikko Koskinen with a rebound.
2:08 of 3rd period - Darnell Nurse is hit by Esa Lindell and loses puck.
2:41 of 3rd period - Slapshot by Denis Gurianov.
2:41 of 3rd period - Shot Misses the Net.
2:53 of 3rd period - Slapshot by Colton Parayko.
2:53 of 3rd period - Shot Misses the Net.
3:07 of 3rd period - Claude Giroux is hit by Sidney Crosby and loses puck.
3:47 of 3rd period - Off-side.
3:48 of 3rd period - Gustav Nyquist wins face-off versus Ryan Getzlaf in neutral zone.
3:58 of 3rd period - Robby Fabbri beats up Brian Boyle.
3:58 of 3rd period - Penalty to Brian Boyle for Fighting.
3:58 of 3rd period - Penalty to Robby Fabbri for Fighting.
3:59 of 3rd period - Steven Stamkos wins face-off versus Auston Matthews in Flames zone.
4:36 of 3rd period - Snap shot by Sidney Crosby.
4:36 of 3rd period - Goal by Sidney Crosby - Flames : 1 - Sharks : 3.
4:37 of 3rd period - Cole Sillinger wins face-off versus Claude Giroux in neutral zone.
4:53 of 3rd period - Snap shot by Claude Giroux.
4:53 of 3rd period - Shot Misses the Net.
5:26 of 3rd period - Ryan Murray is hit by Patrik Nemeth and loses puck.
5:47 of 3rd period - Snap shot by Dominik Kahun.
5:47 of 3rd period - Deflect By Matt Martin.
5:47 of 3rd period - Shot Misses the Net.
5:47 of 3rd period - Puck is out of play.
5:48 of 3rd period - Gustav Nyquist wins face-off versus Ryan Getzlaf in Flames zone.
5:57 of 3rd period - Ryan Murray is hit by Colton Parayko and loses puck.
6:12 of 3rd period - Ryan Murray is hit by Tyler Toffoli and loses puck.
6:19 of 3rd period - Colton Parayko is hit by Rasmus Ristolainen and loses puck.
6:36 of 3rd period - Jake DeBrusk is hit by Rasmus Ristolainen.
6:51 of 3rd period - Off-side.
6:52 of 3rd period - Ryan Getzlaf wins face-off versus Cole Sillinger in neutral zone.
7:03 of 3rd period - Snap shot by Yegor Sharangovich.
7:03 of 3rd period - Shot Blocked by Cole Sillinger.
7:05 of 3rd period - Wrist shot by Ryan Getzlaf.
7:05 of 3rd period - Stopped by Mikko Koskinen with a rebound.
7:46 of 3rd period - Snap shot by Elias Lindholm.
7:46 of 3rd period - Shot Misses the Net.
7:48 of 3rd period - Wrist shot by Elias Lindholm.
7:48 of 3rd period - Deflect By Jonathan Marchessault.
7:48 of 3rd period - Shot Misses the Net.
7:48 of 3rd period - Puck is out of play.
7:49 of 3rd period - Elias Lindholm wins face-off versus Gustav Nyquist in Sharks zone.
8:01 of 3rd period - Minor Penalty to Travis Sanheim for Hooking.
8:02 of 3rd period - Claude Giroux wins face-off versus Auston Matthews in Sharks zone.
8:31 of 3rd period - Snap shot by Jake DeBrusk.
8:31 of 3rd period - Stopped by Mikko Koskinen with a rebound.
8:33 of 3rd period - Slapshot by Darnell Nurse.
8:33 of 3rd period - Shot Blocked by Esa Lindell.
8:58 of 3rd period - Penalty to Brian Boyle is over, Brian Boyle is back on ice.
9:05 of 3rd period - Gustav Nyquist is hit by Brandon Carlo and loses puck.
9:31 of 3rd period - Icing by Shayne Gostisbehere.
9:32 of 3rd period - Auston Matthews wins face-off versus Robby Fabbri in Flames zone.
10:01 of 3rd period - Penalty to Travis Sanheim is over, Travis Sanheim is back on ice.
10:18 of 3rd period - Icing by Brandon Carlo.
10:19 of 3rd period - Chris Tierney wins face-off versus Dominik Kahun in Flames zone.
10:19 of 3rd period - Chris Tierney is hit by Auston Matthews.
10:27 of 3rd period - Slapshot by Darnell Nurse.
10:27 of 3rd period - Shot Blocked by Logan Stanley.
10:46 of 3rd period - Snap shot by Andrew Cogliano.
10:46 of 3rd period - Shot Blocked by Darnell Nurse.
11:01 of 3rd period - Icing by Cole Sillinger.
11:02 of 3rd period - Claude Giroux wins face-off versus Gustav Nyquist in Sharks zone.
11:13 of 3rd period - Snap shot by Steven Stamkos.
11:13 of 3rd period - Stopped by Mikko Koskinen with a rebound.
11:15 of 3rd period - Slapshot by Patrik Nemeth.
11:15 of 3rd period - Stopped by Mikko Koskinen without a rebound.
11:16 of 3rd period - Denis Gurianov wins face-off versus Elias Lindholm in Sharks zone.
11:16 of 3rd period - Denis Gurianov is hit by Elias Lindholm.
11:32 of 3rd period - Wrist shot by Denis Gurianov.
11:32 of 3rd period - Shot Misses the Net.
11:47 of 3rd period - Wrist shot by Sidney Crosby.
11:47 of 3rd period - Shot Blocked by Claude Giroux.
11:55 of 3rd period - Snap shot by Tyler Toffoli.
11:55 of 3rd period - Stopped by Mikko Koskinen without a rebound.
11:56 of 3rd period - Ryan Getzlaf wins face-off versus Cole Sillinger in Sharks zone.
12:03 of 3rd period - Snap shot by Denis Gurianov.
12:03 of 3rd period - Shot Blocked by Shayne Gostisbehere.
12:05 of 3rd period - Snap shot by Andrew Cogliano.
12:05 of 3rd period - Stopped by Jeremy Swayman with a rebound.
12:07 of 3rd period - Slapshot by Rasmus Ristolainen.
12:07 of 3rd period - Shot Misses the Net.
12:09 of 3rd period - Wrist shot by Andrew Cogliano.
12:09 of 3rd period - Stopped by Jeremy Swayman with a rebound.
12:11 of 3rd period - Slapshot by Esa Lindell.
12:11 of 3rd period - Shot Misses the Net.
12:47 of 3rd period - Slapshot by Rutger McGroarty.
12:47 of 3rd period - Shot Blocked by Jake DeBrusk.
12:49 of 3rd period - Wrist shot by Brian Boyle.
12:49 of 3rd period - Shot Misses the Net.
12:51 of 3rd period - Snap shot by Rasmus Ristolainen.
12:51 of 3rd period - Shot Blocked by Colton Parayko.
12:53 of 3rd period - Slapshot by Brian Boyle.
12:53 of 3rd period - Shot Misses the Net.
13:23 of 3rd period - Ryan Getzlaf is hit by Sidney Crosby and loses puck.
13:34 of 3rd period - Snap shot by Steven Stamkos.
13:34 of 3rd period - Stopped by Mikko Koskinen with a rebound.
13:40 of 3rd period - Wrist shot by Steven Stamkos.
13:40 of 3rd period - Shot Misses the Net.
14:00 of 3rd period - Slapshot by Elias Lindholm.
14:00 of 3rd period - Deflect By Jonathan Marchessault.
14:00 of 3rd period - Stopped by Mikko Koskinen with a rebound.
14:10 of 3rd period - Cole Sillinger is hit by Travis Dermott and loses puck.
14:23 of 3rd period - Slapshot by Andrew Cogliano.
14:23 of 3rd period - Stopped by Jeremy Swayman with a rebound.
14:26 of 3rd period - Icing by Colton Parayko.
14:27 of 3rd period - Chris Tierney wins face-off versus Nikolaj Ehlers in Flames zone.
14:34 of 3rd period - Wrist shot by Frederick Gaudreau.
14:34 of 3rd period - Shot Misses the Net.
14:36 of 3rd period - Slapshot by Colton Parayko.
14:36 of 3rd period - Stopped by Mikko Koskinen with a rebound.
14:38 of 3rd period - Snap shot by Chris Tierney.
14:38 of 3rd period - Stopped by Mikko Koskinen with a rebound.
14:40 of 3rd period - Slapshot by Frederick Gaudreau.
14:40 of 3rd period - Shot Misses the Net.
15:00 of 3rd period - Snap shot by Yegor Sharangovich.
15:00 of 3rd period - Shot Blocked by Travis Sanheim.
15:02 of 3rd period - Slapshot by Darnell Nurse.
15:02 of 3rd period - Shot Misses the Net.
15:04 of 3rd period - Snap shot by Frederick Gaudreau.
15:04 of 3rd period - Stopped by Mikko Koskinen without a rebound.
15:05 of 3rd period - Claude Giroux wins face-off versus Gustav Nyquist in Sharks zone.
16:00 of 3rd period - Snap shot by Auston Matthews.
16:00 of 3rd period - Stopped by Jeremy Swayman with a rebound.
16:02 of 3rd period - Slapshot by Esa Lindell.
16:02 of 3rd period - Deflect By Auston Matthews.
16:02 of 3rd period - Shot Misses the Net.
16:02 of 3rd period - Puck is out of play.
16:03 of 3rd period - Gustav Nyquist wins face-off versus Claude Giroux in Flames zone.
16:16 of 3rd period - Wrist shot by Rutger McGroarty.
16:16 of 3rd period - Stopped by Jeremy Swayman without a rebound.
16:17 of 3rd period - Claude Giroux wins face-off versus Cole Sillinger in Flames zone.
16:26 of 3rd period - Snap shot by Denis Gurianov.
16:26 of 3rd period - Stopped by Jeremy Swayman without a rebound.
16:27 of 3rd period - Cole Sillinger wins face-off versus Claude Giroux in Flames zone.
16:28 of 3rd period - Snap shot by Denis Gurianov.
16:28 of 3rd period - Shot Misses the Net.
16:40 of 3rd period - Snap shot by Andrew Cogliano.
16:40 of 3rd period - Shot Blocked by Shayne Gostisbehere.
16:42 of 3rd period - Wrist shot by Denis Gurianov.
16:42 of 3rd period - Stopped by Jeremy Swayman with a rebound.
16:44 of 3rd period - Wrist shot by Cole Sillinger.
16:44 of 3rd period - Deflect By Denis Gurianov.
16:44 of 3rd period - Shot Misses the Net.
16:44 of 3rd period - Puck is out of play.
16:45 of 3rd period - Auston Matthews wins face-off versus Ryan Getzlaf in Flames zone.
16:48 of 3rd period - Wrist shot by Sidney Crosby.
16:48 of 3rd period - Shot Misses the Net.
16:50 of 3rd period - Wrist shot by Sidney Crosby.
16:50 of 3rd period - Stopped by Jeremy Swayman with a rebound.
16:52 of 3rd period - Wrist shot by Sidney Crosby.
16:52 of 3rd period - Deflect By Nikolaj Ehlers.
16:52 of 3rd period - Stopped by Jeremy Swayman without a rebound.
16:53 of 3rd period - Auston Matthews wins face-off versus Ryan Getzlaf in Flames zone.
16:54 of 3rd period - Wrist shot by Sidney Crosby.
16:54 of 3rd period - Shot Misses the Net.
16:56 of 3rd period - Slapshot by Rasmus Ristolainen.
16:56 of 3rd period - Shot Blocked by Colton Parayko.
16:57 of 3rd period - Lawson Crouse beats up Esa Lindell.
16:57 of 3rd period - Penalty to Esa Lindell for Fighting.
16:57 of 3rd period - Penalty to Lawson Crouse for Fighting.
16:57 of 3rd period - Penalty to Lawson Crouse for instigated a fight.
16:57 of 3rd period - Penalty to Lawson Crouse for instigated a fight.
16:58 of 3rd period - Auston Matthews wins face-off versus Steven Stamkos in Flames zone.
18:57 of 3rd period - Penalty to Lawson Crouse is over, Claude Giroux is send on ice.
19:07 of 3rd period - Mark Pysyk is hit by Steven Stamkos and loses puck.
19:40 of 3rd period - Logan Stanley is hit by Chris Tierney.
Goals for this period are 0 for Flames vs 1 for Sharks.
Shots for this period are 12 for Flames vs 12 for Sharks.